 Dungeon Crawl Stone Soup version 0.24-a0-640-ge7cd8ce796 (webtiles) character file.

Game seed: 7684174480546985295, levelgen mode: deterministic

10 AarnesTheHuman the Chiller (level 2, 5/19 HPs)
             Began as a Merfolk Ice Elementalist on Sept 23, 2019.
             Got out of the dungeon alive.
             The game lasted 00:03:07 (675 turns).

AarnesTheHuman the Chiller (MfIE)                    Turns: 675, Time: 00:03:08

Health: 5/19       AC:  2    Str:  8    XL:     2   Next: 20%
Magic:  5/5        EV: 13    Int: 14    God:
Gold:   10         SH:  0    Dex: 14    Spells: 4/5 levels left

rFire    . . .     SeeInvis .   b - +0 dagger
rCold    . . .     Gourm    .   (no shield)
rNeg     . . .     Faith    .   a - +0 robe
rPois    .         Spirit   .   (no helmet)
rElec    .         Reflect  .   (no cloak)
rCorr    .         Harm     .   (no gloves)
MR       .....                  (no boots)
Stlth    ++........             (no amulet)
HPRegen  0.06/turn              (no ring)
MPRegen  0.09/turn              (no ring)

@: no status effects
A: change form in water, swift swim, stealthy swim
a: no special abilities


You escaped.
You were not hungry.

You visited 1 branch of the dungeon, and saw 1 of its levels.

You collected 10 gold pieces.

Inventory:

Hand Weapons
 b - a +0 dagger (weapon)
Armour
 a - a +0 robe (worn)
Scrolls
 d - a scroll of teleportation {unknown}
 e - a scroll of identify {unknown}
Comestibles
 c - a ration
 f - 2 chunks of flesh


   Skills:
 + Level 0.1 Short Blades
 + Level 2.9 Dodging
 + Level 2.2 Stealth
 + Level 2.0 Spellcasting
   Level 0.7 Conjurations
 + Level 3.8 Ice Magic


You had 4 spell levels left.
You knew the following spells:

 Your Spells              Type           Power        Failure   Level  Hunger
a - Freeze                Ice            ##..         4%          1    ##.....

Your spell library contained the following spells:

 Spells                   Type           Power        Failure   Level  Hunger
 Throw Frost              Conj/Ice       #.....       14%         2    ###....
 Ozocubu's Armour         Chrm/Ice       #.......     32%         3    ####...
 Throw Icicle             Conj/Ice       #.......     67%         4    #####..
 Summon Ice Beast         Ice/Summ       #.......     71%         4    #####..


Dungeon Overview and Level Annotations

Branches:
Dungeon (1/15)

Altars:


Message History

The hobgoblin hits you with a +0 club. The goblin hits you with a +0 dagger.
* * * LOW HITPOINT WARNING * * *
The hobgoblin misses you. The goblin closely misses you.
The goblin barely misses you. The hobgoblin closely misses you.
The goblin barely misses you. The hobgoblin misses you.
The goblin hits you but does no damage. The hobgoblin hits you with a +0 club.
* * * LOW HITPOINT WARNING * * *
The goblin closely misses you. The hobgoblin closely misses you.
The goblin misses you. The hobgoblin barely misses you.
Saving game... please wait.
Welcome back, AarnesTheHuman the Merfolk Ice Elementalist.
Press ? for a list of commands and other information.
The hobgoblin misses you. The goblin hits you with a +0 dagger.
* * * LOW HITPOINT WARNING * * *
The goblin hits you but does no damage.
There is a staircase leading out of the dungeon here.
Are you sure you want to leave the Dungeon?
This will make you lose the game! The goblin barely misses you.
You have escaped!

... ....#..........#
#...#####..........#
#.........##.#..####
#............#..# ######
#...#.....#.....# #.....
##.######.##.#.## #.#### .
...8.....8....####.####
#.##^.#.....#.............
#.....#..@..#..######.####
#...#..g..#..# #.####
#..8.g...8..## #.....
#.##.######..# ######
....#.....#.÷.#
.#.......g..÷..#
##########.#..# #...## #.
###.#


You could see a hobgoblin and a goblin.

Vanquished Creatures
  A leopard gecko (D:1)
  A ball python (D:1)
  A bat (D:1)
  A goblin (D:1)
  A hobgoblin (D:1)
  A kobold (D:1)
  2 rats (D:1)
8 creatures vanquished.

Notes
Turn   | Place    | Note
-------+----------+-------------------------------------------
     0 | D:1      | AarnesTheHuman the Merfolk Ice Elementalist began the quest
                  | for the Orb.
     0 | D:1      | Reached XP level 1. HP: 13/13 MP: 3/3
   571 | D:1      | Reached XP level 2. HP: 15/19 MP: 3/5
   638 | D:1      | Upgraded the game from 0.24-a0-639-gb70a11d811 to
                  | 0.24-a0-640-ge7cd8ce796
   675 | D:$      | Got out of the dungeon alive.

Levels and vault maps discovered:
D:1:      scummos_arrival_simple_crosswalls, layout_loops_cross,
          minmay_misc_feat_doors

Action                   || total
-------------------------++-------
Melee: Unarmed           ||    16
       Dagger            ||     4
 Cast: Freeze            ||    13
Armor: Robe              ||    15
Dodge: Dodged            ||    41

Table legend:
 A = Non-vault XP
 B = Vault XP
 C = Vault XP percentage of total XP
 D = Non-vault monster count
 E = Vault monster count
 F = Vault count percentage of total count
                 A         B        C        D         E       F
            +---------+---------+-------+---------+---------+-------
      Total |      15 |       0 |   0.0 |       8 |       0 |   0.0
            +---------+---------+-------+---------+---------+-------
        D:1 |      15 |       0 |   0.0 |       8 |       0 |   0.0
            +---------+---------+-------+---------+---------+-------
